 Dungeon Crawl Stone Soup version 0.16.2-2-g470672f (webtiles) character file.

13771 SirGodfroy the Martial Artist (level 11, 0/95 HPs)
             Began as a Black Draconian Transmuter on Aug 17, 2015.
             Was a Priest of Sif Muna.
             Slain by a raven (5 damage)
             ... led by a tengu conjurer
             ... on level 13 of the Dungeon.
             The game lasted 00:53:10 (15616 turns).

SirGodfroy the Martial Artist (DrTm)               Turns: 15616, Time: 00:53:10

Health: 0/95       AC:  2    Str: 12    XL:     11   Next: 80%
Magic:  36/36      EV: 26    Int: 21    God:    Sif Muna [***...]
Gold:   338        SH:  0    Dex: 18    Spells: 4 memorised, 13 levels left

rFire  . . .     SeeInvis .       - Unarmed
rCold  . . .     Clarity  .     (armour unavailable)
rNeg   + . .     SustAb   .     (shield currently unavailable)
rPois  x         Gourm    .     K - melded +1 hat {SInv}
rElec  .         Spirit   .     (cloak currently unavailable)
rCorr  .         Warding  +     s - melded +0 pair of gloves
rMut   .         Stasis   .     r - melded +1 pair of boots
MR     .....                    L - amulet of warding
Stlth  ++........               u - ring of magical power
                                p - +5 ring of intelligence

@: spider-form (expiring), not resistant to hostile enchantments, unstealthy
A: (breathe lightning), unfitting armour, (poison resistance), (electricity
resistance), (cold-blooded), AC +7
a: End Transformation, Channel Energy, Forget Spell, Renounce Religion


You were on level 13 of the Dungeon.
You worshipped Sif Muna.
Sif Muna was most pleased with you.
You were very hungry.
You were a venomous arachnid creature.
You visited 2 branches of the dungeon, and saw 14 of its levels.

You collected 624 gold pieces.
You spent 286 gold pieces at shops.

Inventory:

Hand weapons
 B - a +1 dagger of chaos
Missiles
 f - 62 arrows
 z - 20 arrows of frost
Armour
 r - a +1 pair of boots (melded)
 s - a +0 pair of gloves (melded)
 K - a +1 hat of see invisible (melded)
Jewellery
 c - a cursed -3 ring of evasion {unknown}
 j - an uncursed amulet of resist corrosion
 p - a +5 ring of intelligence (left front leg)
 u - a ring of magical power (right front leg)
 y - a cursed ring of protection from fire
 L - an amulet of warding (around neck)
 T - a +5 ring of slaying {unknown}
Magical devices
 D - a wand of fire (6)
 E - a wand of invisibility (3)
 G - a wand of paralysis (19)
 J - a wand of frost (6)
 N - a wand of confusion (10)
 R - a wand of draining (4)
 S - a wand of slowing (20)
Scrolls
 g - 4 scrolls of remove curse
 h - 2 scrolls of enchant armour
 i - a scroll of teleportation
 v - 3 scrolls of fog
 w - 5 scrolls of identify
 C - a scroll of torment {unknown}
 H - a scroll of holy word {unknown}
 I - 2 scrolls of enchant weapon
 M - 2 scrolls of immolation {unknown}
 P - 2 scrolls of magic mapping {unknown}
 V - a scroll of brand weapon {unknown}
Potions
 b - 2 potions of haste {unknown}
 d - 2 potions of invisibility {unknown}
 e - 2 potions of resistance
 l - 3 potions of agility
 n - 9 potions of curing
 q - a potion of flight
 t - 5 potions of brilliance
 F - a potion of magic {unknown}
Books
 x - a book of Summonings

   Spells                             Type                      Level
   a - Abjuration                     Summoning                    3
   b - Recall                         Summoning/Translocation      3
   c - Shadow Creatures               Summoning                    5
   d - Summon Demon                   Summoning                    5
   e - Summon Forest                  Summoning/Translocation      5
   f - Monstrous Menagerie            Summoning                    6
 O - a Grand Grimoire {highlevel, unknown}

   This book is beyond your current level of understanding.

   Spells                             Type                      Level
   a - Aura of Abjuration             Summoning                    6
   b - Summon Greater Demon           Summoning                    7
   c - Malign Gateway                 Summoning/Translocation      7
   d - Summon Horrible Things         Summoning                    8
 Q - a book of Callings

   Spells                             Type                      Level
   a - Summon Small Mammal            Summoning                    1
   b - Call Imp                       Summoning                    2
   c - Call Canine Familiar           Summoning                    3
   d - Summon Guardian Golem          Hexes/Summoning              4
   e - Summon Lightning Spire         Summoning/Air                4
   f - Summon Ice Beast               Ice/Summoning                4
 W - a book of Maledictions

   Spells                             Type                      Level
   a - Corona                         Hexes                        1
   b - Sure Blade                     Hexes/Charms                 2
   c - Ensorcelled Hibernation        Hexes/Ice                    2
   d - Confuse                        Hexes                        3
   e - Dazzling Spray                 Conjuration/Hexes            3
   f - Enslavement                    Hexes                        4
Comestibles
 a - 11 bread rations
 k - 7 beef jerkies
 m - 3 meat rations
 o - 7 slices of pizza


   Skills:
 + Level 8.4 Fighting
 + Level 7.3 Dodging
 + Level 10.5 Unarmed Combat
 * Level 8.2 Spellcasting
 * Level 9.1 Transmutations


You had 13 spell levels left.
You knew the following spells:

 Your Spells              Type           Power        Failure   Level  Hunger
a - Beastly Appendage     Trmt           #####.       2%          1    None
b - Spider Form           Trmt/Pois      ####......   12%         3    None
c - Blade Hands           Trmt           #####.....   17%         5    #####..
d - Ice Form              Ice/Trmt       ####....     32%         4    ###....


Dungeon Overview and Level Annotations

Branches:
Dungeon (14/15)            Temple (1/1) D:7            Lair (0/8) D:9
    Orc: D:9-12      Vaults: D:13-14

Altars:
Ashenzari
Cheibriados
Dithmenos
Elyvilon
Fedhas
Gozag
Kikubaaqudgha
Makhleb
Nemelex Xobeh
Okawaru
Qazlal
Ru
Sif Muna
Trog
Vehumet
Xom
Yredelemnul
Zin
The Shining One

Shops:
D:6 !([((

Portals:
Trove: D:14 (give wand of heal wounds (9))

Annotations:
D:4 Menkaure
D:8 Grum
D:14 Sonja


Innate Abilities, Weirdness & Mutations

((You can breathe wild blasts of lightning.))
((Your glossy black scales are hard (AC +7).))
Your body does not fit into most forms of armour.
((You are resistant to electric shocks.))
((Your cold-blooded metabolism reacts poorly to cold.))
((Your system is resistant to poisons.))


Message History

You feel better. The raven completely misses you.
The raven completely misses you.
The tengu conjurer gestures wildly while chanting.
The tengu conjurer blinks!
The raven pecks you!
* * * LOW HITPOINT WARNING * * *
The raven completely misses you.
Drink which item? (? for menu, Esc to quit)
You feel better. The raven misses you. The raven completely misses you.
The raven pecks you!
* * * LOW HITPOINT WARNING * * *
The raven claws you!
* * * LOW HITPOINT WARNING * * *
The raven pecks you.
* * * LOW HITPOINT WARNING * * *
The raven misses you. The raven misses you. x2
You kill the raven!
Your life force feels restored.
The raven completely misses you. The raven claws you.
You die...

### ######### ..#
#.......#### ..#
#..........# ..#
#.)........# ..######
#..........#
.......###.#####....#
........)).#...#....#####
####.....).#...#.........
#.......#...#s........
#.......'...#b........
#.......#...#.########
#.......#...#c#
####.......#...#(#
...........#...#.#
...######..#...'.# [..#
#..#####.# ...#
#.....*Q.########


You could see a raven, a tengu conjurer and a centaur.

Vanquished Creatures
  A vault guard (D:14)
  2 hill giants
  A manticore (D:14)
  A cyclops (D:14)
  Joseph (D:7)
  Psyche (D:9)
  3 kobold demonologists
  A queen bee (shapeshifter) (D:14)
  3 trolls
  A komodo dragon (D:10)
  2 ravens (D:13)
  15 yaks
  A human (D:7)
  A wraith (D:14)
  A steam dragon (D:11)
  A deep elf fighter (D:8)
  A hungry ghost (D:7)
  A wolf (D:9)
  2 ice beasts
  A water moccasin (D:5)
  5 orc warriors
  5 porcupines (D:9)
  A sky beast (D:10)
  A wasp (D:10)
  A black bear (D:9)
  2 phantoms
  9 ogres
  3 crocodiles (D:9)
  4 centaurs
  3 giant frogs
  4 big kobolds
  A gnoll sergeant (D:9)
  2 scorpions
  7 wights
  A goliath beetle (D:9)
  3 killer bees (D:9)
  A quasit (D:6)
  2 hounds
  4 crimson imps
  A giant frog zombie (D:8)
  4 orc priests
  12 orc wizards
  A jelly (D:6)
  12 worker ants
  2 giant frog skeletons
  A killer bee zombie (D:8)
  4 sheep (D:7)
  A hound skeleton (D:4)
  A mummy (D:10)
  8 gnolls
  3 river rats (D:9)
  8 adders
  2 shadow imps
  A giant mite (D:6)
  A worm (D:6)
  An adder zombie (D:7)
  33 orcs
  2 ball pythons
  A bat skeleton (D:4)
  7 giant cockroaches
  15 goblins
  13 hobgoblins
  10 jackals
  4 quokkas
  13 bats
  6 giant geckos
  4 giant newts
  A giant spore (D:10)
  33 kobolds
  A quokka skeleton (D:4)
  13 rats
  A ballistomycete (D:10)
320 creatures vanquished.

Vanquished Creatures (others)
  12 toadstools (D:11)
12 creatures vanquished.

Grand Total: 332 creatures vanquished

Notes
Turn   | Place    | Note
--------------------------------------------------------------
     0 | D:1      | SirGodfroy, the Draconian Transmuter, began the quest for the Orb.
     0 | D:1      | Reached XP level 1. HP: 16/16 MP: 3/3
   510 | D:1      | Reached XP level 2. HP: 17/23 MP: 1/4
  1360 | D:2      | Reached XP level 3. HP: 18/28 MP: 4/6
  2382 | D:3      | Reached XP level 4. HP: 26/35 MP: 5/7
  2742 | D:4      | Noticed an ogre
  2747 | D:4      | Learned a level 3 spell: Spider Form
  2756 | D:4      | Killed an ogre
  2756 | D:4      | Reached skill level 4 in Unarmed Combat
  2756 | D:4      | Reached XP level 5. HP: 20/41 MP: 4/9
  3106 | D:4      | Noticed an ogre
  3116 | D:4      | Killed an ogre
  3116 | D:4      | Reached XP level 6. HP: 13/50 MP: 6/11
  3134 | D:4      | Noticed an ogre
  3143 | D:4      | Killed an ogre
  3143 | D:4      | Reached skill level 5 in Unarmed Combat
  3323 | D:4      | Noticed an ogre
  3331 | D:4      | Killed an ogre
  3414 | D:4      | Noticed an ogre
  3419 | D:4      | Killed an ogre
  3419 | D:4      | Your scales start taking on a glossy black colour.
  3419 | D:4      | Gained mutation: You are resistant to electric shocks. [draconian maturity]
  3419 | D:4      | Reached XP level 7. HP: 29/57 MP: 10/14
  3808 | D:4      | Noticed Menkaure
  4405 | D:5      | Entered Level 5 of the Dungeon
  5404 | D:4      | Learned a level 5 spell: Blade Hands
  5439 | D:5      | Reached skill level 6 in Unarmed Combat
  5625 | D:5      | Reached XP level 8. HP: 62/66 MP: 6/17
  6701 | D:6      | Found Wivor's Antique Weapon Boutique.
  6737 | D:6      | Found Uxzaomm's Antique Weapon Emporium.
  6993 | D:6      | Found a shadowy altar of Dithmenos.
  6994 | D:6      | Found a shattered altar of Ashenzari.
  7161 | D:6      | Found Ymunanaat's Distillery.
  7170 | D:6      | Bought a potion of curing for 39 gold pieces
  7170 | D:6      | Bought a potion of curing for 39 gold pieces
  7170 | D:6      | Bought a potion of heal wounds for 65 gold pieces
  7170 | D:6      | Bought a potion of heal wounds for 65 gold pieces
  7170 | D:6      | Bought 2 potions of curing for 78 gold pieces
  7216 | D:6      | Gained mutation: Your system is resistant to poisons. [potion of beneficial mutation]
  7238 | D:6      | Found Alur's Weapon Emporium.
  7260 | D:6      | Found Haplauvav's Armour Shoppe.
  7362 | D:6      | Reached skill level 7 in Unarmed Combat
  7620 | D:7      | Found a staircase to the Ecumenical Temple.
  7638 | Temple   | Entered the Ecumenical Temple
  7659 | Temple   | Became a worshipper of Sif Muna the Loreminder
  7690 | Temple   | Learned a level 4 spell: Ice Form
  7796 | D:7      | Found a shimmering altar of Xom.
  7832 | D:7      | Reached skill level 5 in Fighting
  7837 | D:7      | Reached skill level 5 in Transmutations
  7966 | D:7      | Reached XP level 9. HP: 56/74 MP: 20/20
  8165 | D:7      | Noticed Joseph
  8182 | D:7      | Killed Joseph
  8182 | D:7      | Reached skill level 5 in Dodging
  8182 | D:7      | Reached skill level 8 in Unarmed Combat
  8776 | D:7      | Reached skill level 5 in Spellcasting
  9300 | D:8      | Noticed Grum
  9537 | D:9      | Found a staircase to the Lair.
  9555 | D:9      | Acquired Sif Muna's first power
  9748 | D:9      | Reached skill level 9 in Unarmed Combat
  9825 | D:9      | Got a heavily runed buckler
 10033 | D:9      | Noticed Psyche
 10040 | D:9      | Killed Psyche
 10040 | D:9      | Reached XP level 10. HP: 73/84 MP: 20/23
 10202 | D:9      | Found a shadowy altar of Dithmenos.
 11169 | D:9      | Reached skill level 10 in Unarmed Combat
 11608 | D:10     | Entered Level 10 of the Dungeon
 11669 | D:10     | Noticed a hill giant
 11677 | D:10     | Killed a hill giant
 11786 | D:10     | Acquired Sif Muna's second power
 12315 | D:10     | Reached XP level 11. HP: 80/92 MP: 21/25
 13377 | D:11     | Found a blossoming altar of Fedhas.
 13474 | D:11     | Noticed a soul eater
 13689 | D:11     | You fall through a shaft for 3 floors!
 13967 | D:14     | Found a portal to a secret trove of treasure.
 14038 | D:14     | Noticed Sonja
 14867 | D:14     | Noticed a vault guard
 14869 | D:14     | Noticed a hill giant
 14870 | D:14     | Noticed an ice dragon
 14896 | D:14     | Killed a vault guard
 14926 | D:14     | Killed a hill giant
 15472 | D:13     | Noticed a centaur warrior
 15613 | D:13     | HP: 4/95 [raven[a tengu conjurer] (1)]
 15616 | D:13     | Slain by a raven

Action                   |  1- 3 |  4- 6 |  7- 9 | 10-12 || total
-------------------------+-------+-------+-------+-------++-------
Melee: Unarmed           |   211 |    56 |   495 |   480 ||  1242
       War axe           |       |       |    12 |       ||    12
 Cast: Beastly Appendage |    37 |     8 |     4 |     1 ||    50
       Spider Form       |       |     6 |    51 |    37 ||    94
       Blade Hands       |       |       |     4 |     8 ||    12
Evoke: Wand              |       |       |       |     4 ||     4
  Use: Scroll            |       |       |    17 |       ||    17
       Potion            |       |       |     3 |     5 ||     8
 Stab: Sleeping          |       |       |       |     2 ||     2
  Eat: Chunk             |     6 |     4 |    19 |    18 ||    47
       Fruit             |       |       |    11 |     1 ||    12
       Pizza             |       |       |     1 |     1 ||     2
